[Event "*** Titled Tuesday Blitz"]
[Site "Chess.com"]
[Date "2020.05.12"]
[Round "5"]
[White "GMSrinath"]
[Black "m_ezat"]
[Result "1-0"]
[WhiteElo "2827"]
[BlackElo "2609"]
[TimeControl "180+1"]
[EndTime "10:55:50 PDT"]
[Termination "GMSrinath won on time"]

1. d4 Nf6 2. Nf3 g6 3. Bf4 Bg7 4. e3 O-O 5. h3 d6 6. c3 Nfd7 7.
Bh2 e5 8. Nbd2 f5 9. Bc4+ Kh8 10. dxe5 dxe5 11. e4 Nc6 12. Qc2 Nc5 13. O-O-O Qe7 14.
Bd5 f4 15. h4 Bg4 16. Nc4 Rad8 17. Rd2 Bxf3 18. gxf3 Qxh4 19. Qd1 Ne7 20. Bg3 Qf6 21. Bh4 g5 22. b4 b5 23. Na3 c6 24. bxc5 cxd5 25.
Bxg5 Qxg5 26. exd5 a6 27. Nc2 e4 28. fxe4 f3 29. Nd4 Bxd4 30. cxd4 Rf4 31. Qc2 Ng6 32.
d6 Rg4 33. Rd1 Nf4 34. c6 Ne2+ 35. Kb1 b4 36. c7 Rc8 37. d7 Rd8 38. c8=Q Nc3+ 39.
Ka1 Nxd1 40. Rxd1 Qf6 41. Q2c7 Qe7 42. Q7xd8+ 1-0

[Event "*** Titled Tuesday Blitz"]
[Site "Chess.com"]
[Date "2020.05.12"]
[Round "5"]
[White "AtabayevSaparmyrat"]
[Black "TargetA"]
[Result "0-1"]
[WhiteElo "2717"]
[BlackElo "2576"]
[TimeControl "180+1"]
[EndTime "10:55:50 PDT"]
[Termination "TargetA won on time"]

1. d4 Nf6 2. c4 g6 3. Nc3 Bg7 4. e4 d6 5. Nf3 O-O 6. Be2 e5 7. dxe5 dxe5 8. Qxd8 Rxd8 9. Bg5 Na6 10. Nxe5 Re8 11. f4 Nc5 12. Bf3 Nfxe4 13. Nxe4 Nxe4 14.
Bxe4 Bxe5 15. fxe5 Rxe5 16. O-O-O Rxg5 17. Rd8+ Kg7 18. Rf1 Re5 19. Bd5 Re7 20. h4 c6 21. Bf3 Rc7 22. Re1 h5 23. Ree8 a5 24. c5 a4 25. Kd2 Kf6 26. Kc3 Ra5 27. Rxc8 Rxc8 28. Rxc8 Rxc5+ 29. Kd3 Rb5 30. Ra8 Rb4 31. Ra7 b5 0-1

[Event "*** Titled Tuesday Blitz"]
[Site "Chess.com"]
[Date "2020.05.12"]
[Round "5"]
[White "Redbandit87"]
[Black "manuellarrea"]
[Result "1/2-1/2"]
[WhiteElo "2367"]
[BlackElo "2204"]
[TimeControl "180+1"]
[EndTime "10:55:50 PDT"]
[Termination "Game drawn by repetition"]

1. d4 Nf6 2. Bf4 d5 3. e3 e6 4. Nd2 Bd6 5. Bg3 O-O 6. Bd3 c5 7. c3 Nc6 8. Bxd6 Qxd6 9. f4 b6 10. a3 cxd4 11. cxd4 a5 12. Qe2 Ne7 13. Ngf3 Bb7 14.
Ne5 Ne4 15. Nxe4 dxe4 16. Bb5 f6 17. Nc4 Qd8 18. O-O Nf5 19. Nd2 Nd6 20. Rfc1 Rc8 21.
Ba6 Rxc1+ 22. Rxc1 Qa8 23. Bxb7 Qxb7 24. h3 Rc8 25. Qd1 h5 26. Rc3 Rxc3 27. bxc3 Qc6 28. Qb3 Nf5 29. Kf2 a4 30. Qc4 Qxc4 31. Nxc4 b5 32.
Nd2 Nd6 33. g4 hxg4 34. hxg4 Kf7 35. Kg3 g5 36. fxg5 fxg5 37. Kf2 Kf6 38. Ke2 Ke7 39. Kd1 Kd7 40. Kc2 Kc6 41. c4 Nxc4 42. Nxc4 bxc4 43.
Kc3 Kb5 44. Kb2 Kb6 45. Kc2 Kc6 46. Kd2 Kb6 47. Kc3 Kb5 48. Kc2 Kc6 1/2-1/2

[Event "*** Titled Tuesday Blitz"]
[Site "Chess.com"]
[Date "2020.05.12"]
[Round "5"]
[White "ural58"]
[Black "cassoulet"]
[Result "0-1"]
[WhiteElo "2463"]
[BlackElo "2669"]
[TimeControl "180+1"]
[EndTime "10:55:51 PDT"]
[Termination "cassoulet won on time"]

1. e4 c6 2. b3 Nf6 3. e5 Nd5 4. Bb2 d6 5. Nf3 Bg4 6. h3 Bh5 7. c4 Nc7 8. Be2 d5 9. d4 e6 10. O-O Be7 11. Nbd2 O-O 12. Re1 Nba6 13. Rc1 c5 14. a3 dxc4 15. Nxc4 Nd5 16. Nfd2 Bg6 17. Bf3 Rc8 18. Ne4 cxd4 19. Ned6 Bxd6 20. Nxd6 Rxc1 21. Qxc1 Qb6 22. Bxd5 exd5 23. b4 d3 24. Kh2 Nc7 25.
f4 Nb5 26. f5 Nxd6 27. fxg6 Ne4 28. gxf7+ Rxf7 29. Qc8+ Rf8 30. Qd7 Qc6 31. Qg4 Qg6 32. Qd1 d2 33. Rxe4 Qxe4 34. Qxd2 Qf4+ 35. Qxf4 Rxf4 36.
Kg3 Re4 37. Kf3 Kf7 38. Bc3 Ke6 39. g4 g6 40. h4 h5 41. gxh5 gxh5 0-1

[Event "*** Titled Tuesday Blitz"]
[Site "Chess.com"]
[Date "2020.05.12"]
[Round "5"]
[White "albano87"]
[Black "ShieldingOff"]
[Result "1-0"]
[WhiteElo "2305"]
[BlackElo "2024"]
[TimeControl "180+1"]
[EndTime "10:55:51 PDT"]
[Termination "albano87 won on time"]

1. Nf3 Nf6 2. g3 g6 3. Bg2 Bg7 4. O-O O-O 5. d4 d6 6. a4 c5 7. dxc5 dxc5 8. Nc3 Nc6 9. Bf4 a6 10. Ne5 Nd4 11. Nf3 Bf5 12. Nxd4 cxd4 13. Na2 Rc8 14. c3 dxc3 15. Nxc3 b6 16. Qxd8 Rfxd8 17. Rfd1 Bc2 18. Rxd8+ Rxd8 19. Rc1 Bb3 20. Bf3 e6 21. e4 Ne8 22.
Bd1 Bxc3 23. Bxb3 Bxb2 24. Rc6 Bd4 25. Kg2 Bc5 26. Bc4 a5 27. Kf3 Rd4 28. Bb5 Nd6 29. Bxd6 Rxd6 30. Rc8+ Kg7 31. Ke2 Rd4 32. f3 Rb4 33.
Rc7 Rb2+ 34. Kd3 Rxh2 35. Be8 Rf2 36. Rxf7+ Kh6 37. Rf4 1-0

[Event "*** Titled Tuesday Blitz"]
[Site "Chess.com"]
[Date "2020.05.12"]
[Round "5"]
[White "grandcoach"]
[Black "gusmaster2262"]
[Result "1-0"]
[WhiteElo "2042"]
[BlackElo "2287"]
[TimeControl "180+1"]
[EndTime "10:55:51 PDT"]
[Termination "grandcoach won on time"]

1. e4 c5 2. b4 cxb4 3. a3 d5 4. exd5 Qxd5 5. Nf3 Nc6 6. Bb2 Nf6 7. Bd3 e6 8. O-O Be7 9. Re1 O-O 10. axb4 Nxb4 11.
Nc3 Qd6 12. Ne4 Nxe4 13. Bxe4 f5 14. Bd3 Nxd3 15. cxd3 Qxd3 16. Ne5 Qd5 17. Re3 b6 18. Rd3 Qb5 19. Rb3 Qe8 20. Rg3 Bf6 21. Qb3 Bb7 22.
d4 Bd5 23. Qe3 Qb5 24. Ba3 Rfe8 25. Re1 Rac8 26. h4 Rc2 27. h5 Rec8 28. h6 g6 29. Nxg6 hxg6 30. Rxg6+ Kf7 31. Qg3 Bh8 32. Rg7+ Ke8 33.
Qg6+ 1-0

[Event "*** Titled Tuesday Blitz"]
[Site "Chess.com"]
[Date "2020.05.12"]
[Round "5"]
[White "Chesstrainer1"]
[Black "BogdanBelyakov89"]
[Result "0-1"]
[WhiteElo "2403"]
[BlackElo "2558"]
[TimeControl "180+1"]
[EndTime "10:55:52 PDT"]
[Termination "BogdanBelyakov89 won on time"]

1. Nf3 Nf6 2. c4 g6 3. Nc3 Bg7 4. e4 d6 5. d4 O-O 6. Be2 e5 7.
d5 a5 8. Bg5 Na6 9. Nd2 Qe8 10.
h4 h5 11. f3 Nh7 12. Be3 f5 13. g4 fxg4 14. fxg4 hxg4 15. Bxg4 Bxg4 16. Qxg4 Nf6 17. Qg2 Nh5 18. O-O-O Nb4 19. Rdg1 Nd3+ 20. Kc2 Ndf4 21. Qg4 Kh7 22. Nf3 Bh6 23. Ng5+ Bxg5 24. Qxg5 Qd8 25. Qg4 Qf6 26. Rf1 Rf7 27. Rhg1 Raf8 28. Ne2 Qg7 29.
Ng3 Nxg3 30. Rxg3 Nh5 31. Rgf3 Rxf3 32. Rxf3 Rxf3 33. Qxf3 Qf6 34. Qg4 Qf1 35. Qd7+ Ng7 36. Qxc7 Qe2+ 37. Bd2 Qxe4+ 38. Kc1 Qxh4 39. Qxb7 Qxc4+ 40.
Kb1 g5 41. b3 Qd3+ 42. Kc1 g4 43. Qe7 Qf1+ 44. Kb2 Qf2 45. Kc1 Qc5+ 0-1

[Event "*** Titled Tuesday Blitz"]
[Site "Chess.com"]
[Date "2020.05.12"]
[Round "5"]
[White "KerryStead"]
[Black "Tsyhanchuk_Stanislav"]
[Result "0-1"]
[WhiteElo "2106"]
[BlackElo "2530"]
[TimeControl "180+1"]
[EndTime "10:55:52 PDT"]
[Termination "Tsyhanchuk_Stanislav won by checkmate"]

1. d4 d5 2. e4 dxe4 3. Nc3 Nf6 4. f3 exf3 5. Nxf3 Bg4 6. h3 Bxf3 7. Qxf3 c6 8. Qf2 e6 9. Bg5 Be7 10. Bd3 Nbd7 11.
O-O h6 12. Bxf6 Nxf6 13. Ne4 O-O 14. Nxf6+ Bxf6 15. c3 c5 16. Rae1 cxd4 17. c4 Rc8 18. b3 Qe7 19. Re4 Rc5 20. Qe2 Rd8 21. Ref4 Rd7 22.
Qe4 Kf8 23. Qh7 Ke8 24. Re1 Kd8 25. Qe4 Re5 26. g4 Rxe4 27. Rfxe4 Qd6 28. Kg2 Rc7 29. Rf1 Rc5 30. Re2 Re5 31. Ref2 Re3 32. Rf3 Rxf3 33. Rxf3 Qa3 34. Rf2 Qc1 35. Re2 Qc3 36. Be4 d3 37. Rf2 d2 38. Bf3 Qc1 39. Rf1 Qc2 40. Kg3 Be5+ 41.
Kh4 g5+ 42. Kh5 Qg6# 0-1

[Event "*** Titled Tuesday Blitz"]
[Site "Chess.com"]
[Date "2020.05.12"]
[Round "5"]
[White "BocharovD"]
[Black "Volodar_Murzin"]
[Result "0-1"]
[WhiteElo "2853"]
[BlackElo "2741"]
[TimeControl "180+1"]
[EndTime "10:55:53 PDT"]
[Termination "Volodar_Murzin won by resignation"]

1. c4 Nf6 2. Nf3 g6 3. d4 Bg7 4. g3 O-O 5. Bg2 d6 6. O-O Nbd7 7. Nc3 e5 8. e4 exd4 9. Nxd4 Nc5 10. h3 Bd7 11.
Nb3 Na4 12. Ne2 Re8 13. Qc2 Qc8 14. Kh2 Bc6 15. f3 Nc5 16. Nxc5 dxc5 17. Be3 Nd7 18. Rad1 b6 19. f4 Nf8 20. Nc3 Ne6 21. e5 Bxg2 22. Qxg2 Qa6 23. b3 Rad8 24. Rd5 c6 25. Rxd8 Rxd8 26. Qxc6 Qa5 27. Nd5 Qxa2+ 28. Bf2 Qxb3 29. f5 gxf5 30. Ne7+ Kh8 31. Nxf5 Qxc4 32. Kg1 Bxe5 33. Qb7 Ng5 34. h4 Qe4 35. Qe7 Nf3+ 36. Kg2 Nxh4+ 37. Kh3 Qxf5+ 38. Kh2 Nf3+ 39. Kg2 Bf6 0-1

[Event "*** Titled Tuesday Blitz"]
[Site "Chess.com"]
[Date "2020.05.12"]
[Round "5"]
[White "SmirnovAlexandrA"]
[Black "DaggiGretarsson"]
[Result "1-0"]
[WhiteElo "2375"]
[BlackElo "2577"]
[TimeControl "180+1"]
[EndTime "10:55:53 PDT"]
[Termination "SmirnovAlexandrA won by checkmate"]

1. e4 g6 2. d4 Bg7 3. Nc3 d6 4. Be3 a6 5. Qd2 b5 6. a3 Nd7 7.
h4 h5 8. Nh3 Bb7 9. f3 Rc8 10.
Be2 c5 11. d5 Ngf6 12. O-O O-O 13. Bh6 Re8 14. Bxg7 Kxg7 15. a4 b4 16. Nd1 Ne5 17. Ne3 e6 18. dxe6 fxe6 19. b3 d5 20. exd5 exd5 21. Rfe1 Nf7 22. Bd3 c4 23. Bf1 Qb6 24. Kh1 Nd6 25. Rad1 cxb3 26. cxb3 Rc3 27. Nc2 Rxe1 28.
Rxe1 Nf5 29. Nf4 Nxh4 30. Re7+ Kg8 31. Re6 Qc7 32. Rxf6 Rxc2 33. Qd4 Rc1 34. Kg1 Qe7 35. Nxg6 Qe1 36. Rf8+ Kh7 37. Qh8+ Kxg6 38. Qf6+ Kh7 39. Rh8# 1-0

[Event "*** Titled Tuesday Blitz"]
[Site "Chess.com"]
[Date "2020.05.12"]
[Round "5"]
[White "AndriiTop"]
[Black "axvesik"]
[Result "0-1"]
[WhiteElo "2361"]
[BlackElo "2513"]
[TimeControl "180+1"]
[EndTime "10:55:53 PDT"]
[Termination "axvesik won by resignation"]

1. e4 e6 2. d4 d5 3. Nd2 c5 4. exd5 Qxd5 5. dxc5 Nd7 6. Ngf3 Ngf6 7. Bc4 Qxc5 8. Qe2 Be7 9. O-O O-O 10. c3 a6 11. a4 b6 12. Bd3 Bb7 13. Ne4 Qc7 14. Bg5 Rfd8 15. Rfd1 h6 16. Bh4 Nd5 17. Bg3 Qc6 18. Nd4 Qc8 19. Rac1 Nc5 20. Nxc5 Bxc5 21. Nf3 Bd6 22. Ne5 Qc7 23. Qe4 f5 24. Qe2 f4 25.
Bh4 Bxe5 26. Qe4 Bf6 27. Qh7+ Kf8 28. Bg6 Bxh4 29. Qh8+ Ke7 30. Qxg7+ Kd6 31. Qd4 Rg8 32. Be4 Qg7 33. Qxb6+ Bc6 34. c4 Rab8 35. Qxa6 Rxb2 36. cxd5 Bxf2+ 37. Kh1 Rb6 38. Rxc6+ Rxc6 39. Qxc6+ Ke7 40.
d6+ Kf6 41. Qc3+ e5 42. d7 Bd4 43. Rxd4 exd4 44. Qxd4+ Ke7 45. Qd5 Qa1+ 0-1

[Event "*** Titled Tuesday Blitz"]
[Site "Chess.com"]
[Date "2020.05.12"]
[Round "5"]
[White "Vamostodorecto"]
[Black "nitpicker"]
[Result "1/2-1/2"]
[WhiteElo "2443"]
[BlackElo "2259"]
[TimeControl "180+1"]
[EndTime "10:55:53 PDT"]
[Termination "Game drawn by repetition"]

1. d4 Nf6 2. c4 e6 3. Nc3 Bb4 4. Nf3 d5 5. cxd5 exd5 6. Bf4 c6 7. e3 O-O 8. Bd3 Nbd7 9. O-O Re8 10. Qc2 Nf8 11.
Bg5 g6 12. e4 dxe4 13. Nxe4 Be7 14. Bh6 Bf5 15. Nxf6+ Bxf6 16. Bxf5 gxf5 17. Qxf5 Bg7 18. Bxg7 Kxg7 19. Rad1 Re6 20. Ng5 Rf6 21. Qe5 Ng6 22.
Qg3 h6 23. Nf3 Kh7 24. Ne5 Nf4 25. Qe3 Qd5 26. f3 Qxa2 27. Ng4 Rf5 28. g3 Ng6 29. Qxh6+ Kg8 30. Rf2 Re8 31. h4 Qb3 32. Kg2 Qxd1 33. h5 Re6 34. hxg6 Rxg6 35. Qh4 Kg7 36. Ne5 Rh6 37.
Qg4+ Kh8 38. Rf1 Qc2+ 39. Rf2 Qb1 40. Rf1 Qxb2+ 41. Rf2 Qb1 42. Rf1 Qc2+ 43. Rf2 Rh2+ 44. Kxh2 Qxf2+ 45. Kh3 Qf1+ 46. Kh2 Qf2+ 47. Kh3 Qf1+ 48.
Kh2 Qf2+ 1/2-1/2

[Event "*** Titled Tuesday Blitz"]
[Site "Chess.com"]
[Date "2020.05.12"]
[Round "5"]
[White "OparinGrigoriy"]
[Black "MarcoRiehle"]
[Result "1-0"]
[WhiteElo "2919"]
[BlackElo "2614"]
[TimeControl "180+1"]
[EndTime "10:55:54 PDT"]
[Termination "OparinGrigoriy won on time"]

1. Nf3 c5 2. g3 Nc6 3. c4 Nf6 4. Bg2 d5 5. cxd5 Nxd5 6. Nc3 Nc7 7. a3 e5 8. Rb1 Be6 9. b4 f6 10. bxc5 Bxc5 11. Rxb7 O-O 12. O-O Bb6 13. Ng5 fxg5 14. Bxc6 Qf6 15. Rxb6 axb6 16. Ne4 Qg6 17. Bxa8 Rxa8 18.
d3 h6 19. Qc2 Nd5 20. Qc6 Rc8 21. Qd6 Qf5 22. Be3 Bf7 23. Bxb6 Nxb6 24. Qxb6 Rc2 25.
Qe3 Ra2 26. Nd6 Qe6 27. Nxf7 Kxf7 28. Rb1 Rxa3 29. Rb7+ Kg8 30. Rb8+ Kf7 31. Qf3+ Qf6 32. Qd5+ Kg6 33. Qe4+ Kh5 34. Kg2 Ra6 35. Rc8 g4 36. Rc5 Re6 37. d4 g5 38. Rxe5 Rxe5 39. Qxe5 Qf7 40. d5 Qf8 41. Qd4 Qe7 42. Kf1 Qd6 43. f3 1-0

[Event "*** Titled Tuesday Blitz"]
[Site "Chess.com"]
[Date "2020.05.12"]
[Round "5"]
[White "Berant"]
[Black "lionheart95"]
[Result "1-0"]
[WhiteElo "2384"]
[BlackElo "2484"]
[TimeControl "180+1"]
[EndTime "10:55:55 PDT"]
[Termination "Berant won on time"]

1. e4 e5 2. d4 exd4 3. Qxd4 Nf6 4. Nc3 Nc6 5. Qe3 Bb4 6. Bd2 O-O 7. O-O-O Re8 8.
Qg3 d6 9. f3 Be6 10. a3 Ba5 11. Nh3 Ne5 12. Ng5 Bd7 13. f4 Nc6 14. Bc4 Be6 15. Nxe6 fxe6 16. f5 Ne5 17. Bxe6+ Kh8 18. Bg5 Bxc3 19. bxc3 Rf8 20. Rde1 Qe8 21. Qh4 Qa4 22.
Re3 Neg4 23. Rh3 Qxe4 24. Re1 Qxg2 25. Rg3 Qf2 26. Reg1 Qxh2 27. Rxg4 Nxg4 28. Rxg4 Qxh4 29. Rxh4 h6 30. f6 a5 31. fxg7+ Kxg7 32. Bxh6+ Kf6 33. Bxf8 Kxe6 34. Bg7 b6 35. Bd4 Rf8 36. c4 Kd7 37. Rh7+ Kc6 38. Kb2 Rf4 39. Kc3 1-0

[Event "*** Titled Tuesday Blitz"]
[Site "Chess.com"]
[Date "2020.05.12"]
[Round "5"]
[White "Belka1989"]
[Black "bugsbunny444"]
[Result "0-1"]
[WhiteElo "2125"]
[BlackElo "2456"]
[TimeControl "180+1"]
[EndTime "10:55:55 PDT"]
[Termination "bugsbunny444 won by checkmate"]

1. e4 c5 2. Nf3 e6 3. b3 Nc6 4. c4 d5 5. exd5 exd5 6. cxd5 Qxd5 7. Nc3 Qe6+ 8. Be2 Nf6 9. O-O Be7 10. d4 cxd4 11.
Nxd4 Nxd4 12. Qxd4 O-O 13. Bc4 Qg4 14. Qxg4 Bxg4 15. f3 Bf5 16. Bf4 Rad8 17. Rad1 Bc2 18. Rc1 Bg6 19. Rcd1 Bc2 20. Rc1 Bg6 21. Rce1 Bb4 22.
Be5 Rfe8 23. Bxf6 gxf6 24. Rc1 Rd2 25. Nd5 Bc5+ 26. Kh1 Bd4 27. Rfd1 Rxd1+ 28. Rxd1 Bc2 29. Rc1 Kg7 30. g3 Bf5 31. Kg2 b6 32. Rd1 Bc5 33. Rd2 a5 34. Nc7 Re1 35. Nd5 Be6 36. Rc2 Rg1# 0-1

[Event "*** Titled Tuesday Blitz"]
[Site "Chess.com"]
[Date "2020.05.12"]
[Round "5"]
[White "Susal_De_Silva"]
[Black "Witaliss"]
[Result "1-0"]
[WhiteElo "2255"]
[BlackElo "2412"]
[TimeControl "180+1"]
[EndTime "10:55:55 PDT"]
[Termination "Susal_De_Silva won by resignation"]

1. e4 c6 2. c4 d5 3. cxd5 cxd5 4. exd5 Nf6 5. Nc3 g6 6. Bc4 Bg7 7. Nge2 O-O 8. O-O Na6 9. d3 Nc7 10. Nf4 a6 11. a4 Rb8 12. a5 Nfe8 13. Be3 Nd6 14.
Bb6 Bd7 15. Rc1 Nc8 16. Be3 Nb5 17. Bxb5 Bxb5 18. Nxb5 axb5 19. b4 Qd6 20. Qd2 g5 21. Ne2 h6 22. Bc5 Qxd5 23. f4 Nd6 24. Bxd6 exd6 25. fxg5 Qxg5 26. Qxg5 hxg5 27. Rf5 f6 28.
Rxb5 Rfe8 29. Kf1 Re3 30. Rc7 Rxd3 31. Rbxb7 Rxb7 32. Rxb7 Ra3 33. Nd4 f5 34. Nxf5 Be5 35.
Ne7+ Kf7 36. Nc6+ Ke6 37. Nxe5 dxe5 38. Rb6+ Kf5 39. a6 e4 40. b5 Kf4 41. Rb7 Ke3 42. g3 Ra2 43. a7 Kf3 44. Rf7+ Kg4 45. b6 e3 46. Rf8 Rf2+ 47. Rxf2 1-0

[Event "*** Titled Tuesday Blitz"]
[Site "Chess.com"]
[Date "2020.05.12"]
[Round "5"]
[White "Gromes7"]
[Black "Semetey"]
[Result "0-1"]
[WhiteElo "2105"]
[BlackElo "2540"]
[TimeControl "180+1"]
[EndTime "10:55:55 PDT"]
[Termination "Semetey won on time"]

1. d4 d5 2. Nf3 Nf6 3. g3 c6 4.
Bg2 Bg4 5. Ne5 Nbd7 6. Nxg4 Nxg4 7. e4 Ngf6 8. e5 Ng8 9. O-O e6 10. Qg4 Ne7 11. c3 h5 12. Qe2 Nf5 13. h3 Ne7 14.
Nd2 Nf5 15. Nf3 Be7 16. Ne1 c5 17. Be3 cxd4 18. cxd4 Qb6 19. Rd1 Nb8 20. g4 hxg4 21.
hxg4 Nh4 22. Bh1 Nc6 23. f4 O-O-O 24. Nf3 Nxf3+ 25. Rxf3 Rh4 26. Rg3 Rdh8 27. Bg2 g6 28. Bf2 Kb8 29. Rb3 Qa5 30. Bxh4 Rxh4 31. a3 Qa4 32. Rbd3 Bd8 33. Bf3 Bb6 34. Qf2 Rh8 35. Kg2 g5 36. f5 Nxe5 37. Qg3 Bc7 38. dxe5 exf5 39. gxf5 g4 40. R1d2 gxf3+ 41. Qxf3 Rg8+ 42. Kf2 Bxe5 43. Rxd5 Bg3+ 44. Ke2 Re8+ 45. Kd3 Qb3+ 0-1

[Event "*** Titled Tuesday Blitz"]
[Site "Chess.com"]
[Date "2020.05.12"]
[Round "5"]
[White "MarcoCorvi"]
[Black "HunterBRR"]
[Result "1/2-1/2"]
[WhiteElo "2180"]
[BlackElo "2023"]
[TimeControl "180+1"]
[EndTime "10:55:55 PDT"]
[Termination "Game drawn by repetition"]

1. c4 Nf6 2. Nc3 g6 3. Nf3 Bg7 4. g3 O-O 5. Bg2 d6 6. O-O Nc6 7. d3 e5 8. Rb1 Nd7 9. a3 f5 10. Bg5 Nf6 11. Nd5 Be6 12. b4 h6 13. Bxf6 Bxf6 14.
b5 Ne7 15. Nxf6+ Rxf6 16. a4 Qd7 17. Nd2 d5 18. cxd5 Bxd5 19. Bxd5+ Nxd5 20. Qb3 Kg7 21. Rfc1 Raf8 22. Nc4 f4 23. Nxe5 Qd6 24. Nf3 fxg3 25.
hxg3 g5 26. Qc4 Kh7 27. e4 Ne3 28. Qxc7+ Qxc7 29. Rxc7+ Kh8 30. fxe3 Rxf3 31. Rxb7 Rxg3+ 32. Kh2 Rxe3 33. Rxa7 Re2+ 34. Kg1 Rff2 35. Rc1 Rg2+ 36. Kf1 Ref2+ 37. Ke1 Re2+ 38. Kd1 Rd2+ 39. Ke1 Rde2+ 40. Kd1 Rd2+ 41. Ke1 Rde2+ 1/2-1/2

[Event "*** Titled Tuesday Blitz"]
[Site "Chess.com"]
[Date "2020.05.12"]
[Round "5"]
[White "Dinamo81"]
[Black "GOGIEFF"]
[Result "0-1"]
[WhiteElo "2620"]
[BlackElo "2945"]
[TimeControl "180+1"]
[EndTime "10:55:56 PDT"]
[Termination "GOGIEFF won by resignation"]

1. d4 Nf6 2. Bf4 c5 3. e3 e6 4.
Nc3 a6 5. d5 b5 6. d6 Bb7 7.
Nf3 Qa5 8. Nd2 Nc6 9. a4 b4 10. Nc4 Qd8 11. Nb1 Nd5 12. Bg3 h5 13. h4 g6 14. e4 Nf6 15. Nbd2 Bg7 16. Bd3 Ng4 17. f3 Nge5 18. Be2 O-O 19. O-O f5 20. Nxe5 Nxe5 21.
f4 Ng4 22. e5 Ne3 23. Qc1 Nxf1 24. Bxf1 c4 25. Nxc4 Rc8 26. Qe3 Be4 27. Qd2 a5 28.
Bf2 Rc6 29. b3 Qa8 30. Re1 Rfc8 31. Bd4 Bh6 32. Qf2 Kf7 33. Bd3 Bd5 34. Nb6 Rxb6 35. Bxb6 Rc3 36. Bd4 Rxd3 37. cxd3 Bxb3 38. Rc1 Bxa4 39.
Rc7 Bc6 40. Ra7 Qb8 41. Rxa5 b3 42. Bb2 Qb4 43. Ra7 Bxf4 44. Qe2 Qc5+ 45. Qf2 Be3 0-1

[Event "*** Titled Tuesday Blitz"]
[Site "Chess.com"]
[Date "2020.05.12"]
[Round "5"]
[White "elohunter1999"]
[Black "Elshan1985"]
[Result "1-0"]
[WhiteElo "2580"]
[BlackElo "2718"]
[TimeControl "180+1"]
[EndTime "10:55:56 PDT"]
[Termination "elohunter1999 won by resignation"]

1. e4 c5 2. Nf3 Nc6 3. d4 cxd4 4. Nxd4 Nf6 5. Nc3 d6 6. Bg5 e6 7. Qd2 a6 8. O-O-O Bd7 9. f4 Be7 10. Nf3 b5 11. Bxf6 gxf6 12. f5 Qa5 13. Kb1 Rc8 14.
g3 Nb4 15. fxe6 fxe6 16. Bh3 O-O 17. a3 Nc6 18. Nd5 Bd8 19. Qxa5 Nxa5 20. Nf4 f5 21. Rxd6 Bc6 22. Nxe6 Bxe4 23. Nxf8 Bxf3 24. Bxf5 Nc4 25. Bxc8 Nxd6 26. Be6+ Kxf8 27. Rf1 Ke7 28. Rxf3 Kxe6 29. g4 Bf6 30. Rh3 Nc4 31. Rxh7 Bxb2 32.
Rh6+ Kf7 33. Rxa6 Bxa3 34. Ka2 Be7 35. Kb3 Ne3 36. h3 b4 37. Rb6 Nd5 38. Rb5 Ke6 39.
Kc4 Nf4 40. g5 Nxh3 41. g6 Nf2 42. Rb6+ Bd6 43. g7 Kf7 44. Rxd6 Kxg7 45. Kxb4 Ne4 46. Rd4 Nf6 47. c4 Kf7 48. c5 Ke7 49. c6 Ne8 50.
Kb5 Nd6+ 51. Rxd6 Kxd6 52. Kb6 1-0

[Event "*** Titled Tuesday Blitz"]
[Site "Chess.com"]
[Date "2020.05.12"]
[Round "5"]
[White "GM_LOADING"]
[Black "freshfoodcompany"]
[Result "1-0"]
[WhiteElo "2469"]
[BlackElo "2246"]
[TimeControl "180+1"]
[EndTime "10:55:56 PDT"]
[Termination "GM_LOADING won by resignation"]

1. e4 c5 2. Nf3 Nc6 3. d4 cxd4 4. Nxd4 Nf6 5. Nc3 e5 6. Ndb5 d6 7. Bg5 a6 8. Na3 b5 9. Bxf6 gxf6 10. Nd5 Bg7 11.
c3 Ne7 12. Nxe7 Qxe7 13. Nc2 Bb7 14. Qg4 O-O 15. Ne3 Bc8 16. Qh4 Be6 17. Be2 Kh8 18. Bg4 Rg8 19. Bf5 h6 20. O-O Rad8 21. Rfd1 Bf8 22.
Rd2 Rd7 23. Rad1 Bg7 24. Rd3 Rgd8 25. Ng4 Bxf5 26. exf5 Kh7 27. Rh3 Rh8 28. Nxh6 Qf8 29. Nxf7+ Kg8 30. Nxh8 Qe8 31. Qh7+ Kf8 32. Rg3 Qe7 33.
Ng6+ Ke8 34. Nxe7 Kxe7 35. Rxg7+ Ke8 36. Rxd7 1-0

[Event "*** Titled Tuesday Blitz"]
[Site "Chess.com"]
[Date "2020.05.12"]
[Round "5"]
[White "VincentKeymer"]
[Black "MITerryble"]
[Result "1-0"]
[WhiteElo "2733"]
[BlackElo "2839"]
[TimeControl "180+1"]
[EndTime "10:55:57 PDT"]
[Termination "VincentKeymer won on time"]

1. Nf3 d5 2. e3 Nf6 3. c4 dxc4 4. Bxc4 e6 5. O-O c5 6. d4 a6 7. Nc3 b5 8. Be2 Bb7 9. dxc5 Bxc5 10. Qxd8+ Kxd8 11.
Nd2 Nbd7 12. Nb3 Bb6 13. a4 b4 14. a5 Bc7 15. Na2 Bd6 16. Rd1 Ke7 17. Bd2 Bd5 18.
Nd4 Rhb8 19. f3 Ke8 20. Nc1 g6 21. e4 Bb7 22. Be3 Be7 23. Nd3 Rc8 24. Rdc1 Nc5 25.
Nxc5 Bxc5 26. Kf2 Nd7 27. Nb3 Bd6 28. h3 Ke7 29. Nd2 Bc5 30. Bxc5+ Nxc5 31. Rc4 Rab8 32. Rac1 Nd7 33. Ke3 Ne5 34. Rxc8 Rxc8 35. Rxc8 Bxc8 36.
Kd4 Kd6 37. Nc4+ Nxc4 38. Kxc4 b3 39. Kxb3 Kc5 40. Kc3 e5 41. Bc4 f5 42. b4+ Kd6 43.
Bd5 Bd7 44. Bc4 Bc8 45. Bg8 h6 46. Kd3 fxe4+ 47. Kxe4 g5 48. Bc4 1-0

[Event "*** Titled Tuesday Blitz"]
[Site "Chess.com"]
[Date "2020.05.12"]
[Round "5"]
[White "WhiteKnight2612"]
[Black "Natalya_Buksa"]
[Result "1-0"]
[WhiteElo "2688"]
[BlackElo "2530"]
[TimeControl "180+1"]
[EndTime "10:55:57 PDT"]
[Termination "WhiteKnight2612 won by resignation"]

1. Nf3 d5 2. g3 Nf6 3. Bg2 e6 4. O-O Be7 5. d4 O-O 6. c4 dxc4 7. Nbd2 b6 8. Ne5 Qxd4 9. Bxa8 Qxe5 10. Bg2 b5 11. a4 a6 12. Qc2 Qh5 13. axb5 axb5 14. b3 Qxe2 15. bxc4 bxc4 16. Bf3 Qd3 17. Qxc4 Ba6 18.
Qxd3 Bxd3 19. Re1 Nbd7 20. Ba3 Bd6 21. Bg2 h6 22. Nb3 Bc4 23. Nd4 Bd5 24. Nc6 Bxg2 25. Kxg2 Nd5 26. Reb1 Bxa3 27. Rxa3 N7b6 28. Ra7 Re8 29.
Rc1 g6 30. Nd4 Nc8 31. Ra8 Nd6 32. Rxe8+ Nxe8 33. f4 Kg7 34. Kf3 Nd6 35. Nc6 Nb5 36.
Ke4 g5 37. fxg5 hxg5 38. Ne5 f5+ 39. Kd3 Nb4+ 40. Kc4 Na2 41. Rc2 Nac3 42. Rxc3 Nxc3 43. Kxc3 Kf6 44. Nd7+ Ke7 45. Ne5 Kf6 46. Nf3 e5 47. Kc4 g4 48. Nd2 f4 49. Kd5 f3 50. Ke4 c5 51.
Ke3 Kf5 52. Ne4 c4 53. Nd6+ Ke6 54. Nxc4 Kd5 55. Nd2 Kc5 56. Ne4+ Kc4 57. Nf6 Kc5 58. Nxg4 Kd5 59. Kxf3 1-0

[Event "*** Titled Tuesday Blitz"]
[Site "Chess.com"]
[Date "2020.05.12"]
[Round "5"]
[White "dragos420"]
[Black "MikaelyanArman"]
[Result "0-1"]
[WhiteElo "2516"]
[BlackElo "2683"]
[TimeControl "180+1"]
[EndTime "10:55:57 PDT"]
[Termination "MikaelyanArman won by resignation"]

1. e4 e5 2. Nf3 Nc6 3. Bc4 Bc5 4. O-O d6 5. c3 Nf6 6. d3 a6 7. Bb3 Ba7 8. Nbd2 O-O 9. h3 Nh5 10. Nc4 Qf6 11. Be3 Nf4 12. Bxa7 Rxa7 13. Ne3 Ne7 14.
Kh2 Neg6 15. Ng1 c6 16. g3 Ne6 17. Nf5 Nc5 18. Bc2 Bxf5 19. exf5 Ne7 20. f4 exf4 21. Rxf4 Nd5 22. Rf3 Re8 23. d4 Nd7 24. Qd2 Raa8 25. c4 Nc7 26. Ne2 d5 27. Nc3 Re7 28. cxd5 cxd5 29.
Re3 Rxe3 30. Qxe3 Re8 31. Qf3 Qxd4 32. Rd1 Qb6 33. Bb3 Nf6 34. Ne2 h5 35. Nd4 Nb5 36. Nxb5 Qxb5 37. Bxd5 Qxb2+ 38. Qg2 Re2 0-1

[Event "*** Titled Tuesday Blitz"]
[Site "Chess.com"]
[Date "2020.05.12"]
[Round "5"]
[White "SoltaniciR"]
[Black "Loiacono_Antonio"]
[Result "0-1"]
[WhiteElo "2610"]
[BlackElo "2414"]
[TimeControl "180+1"]
[EndTime "10:55:57 PDT"]
[Termination "Loiacono_Antonio won by resignation"]

1. e4 c6 2. c4 d5 3. exd5 cxd5 4.
cxd5 Nf6 5. Qa4+ Bd7 6. Qb3 Bc8 7. Nc3 a6 8. a4 Nbd7 9. g3 g6 10. d4 Bg7 11. Bg2 O-O 12. Nge2 Ne8 13. O-O Nd6 14. Be3 Nf6 15. h3 Bf5 16. Nf4 Rc8 17. Rad1 h6 18. Nd3 Bxd3 19. Rxd3 Qd7 20. a5 Rc4 21.
Ra1 Rfc8 22. Na4 Rxa4 23. Qxa4 Qf5 24. Rc3 Rxc3 25. bxc3 Nxd5 26. Qb3 Nxe3 27. fxe3 Qg5 28. c4 Qxg3 29. Rf1 Bxd4 30. Rf3 Qe1+ 31. Bf1 Bc5 32. Qd3 Nf5 33. Qe2 Qxa5 34. Rxf5 gxf5 35. Kf2 Qc7 36. Qf3 Qe5 37. Bd3 f4 38. Qg4+ Kf8 39. Qc8+ Kg7 40. Qg4+ Qg5 41. Qxg5+ hxg5 42. Kf3 Bxe3 0-1